Canucks vs Flames
Created - 23 mars 2017 at 19:25
Goals
|
| Canucks |
0 |
0 |
3 |
3 |
| Flames |
0 |
0 |
1 |
1 |
|
Shots
|
| Canucks |
12 |
11 |
12 |
35 |
| Flames |
9 |
2 |
12 |
23 |
|
1st period
No Goal
Penalties :
Maxim Afinogenov (Van) for High sticking (Minor) at 0:22, Mark Bell (Cal) for High sticking (Minor) at 11:18, Jordin Tootoo (Cal) for Hooking (Minor) at 17:05
2nd period
No Goal
Penalties :
Brendon Nash (Van) for Roughing (Minor) at 2:58, Mike Ribeiro (Van) for Slashing (Minor) at 15:10
3rd period
1. Canucks , Maxim Lapierre 23 (Tom Poti, Matt Stajan) at 0:54
2. Canucks , Alex Goligoski 20 (Maxim Afinogenov, Mike Ribeiro) at 13:50
3. Flames , Alexander Semin 36 (David Backes) at 16:00
4. Canucks , Maxim Afinogenov 26 (Sami Lepisto) at 19:14 (Empty Net)
Penalties :
Mike Ribeiro (Van) for Hooking (Minor) at 2:34, Maxim Afinogenov (Van) for Kneeing (Minor) at 6:32
Goalie Stats
Carey Price (Van), 22 saves from 23 shots - (0,957), W, 16-15-4, 60:00 minutes
Pekka Rinne (Cal), 32 saves from 34 shots - (0,941), L, 24-21-5, 59:20 minutes
Players Stats for Canucks
Player Name G A P +/- PIM S H SB GA TA FO MP PP MP PK MP
------------------------------------------------------------------------------------
Alex Goligoski 1 0 1 0 0 2 0 1 1 1 0/0 27:23 2:22 5:00
Alex Tanguay 0 0 0 1 0 0 2 1 0 1 1/1 13:42 0:00 1:59
Ben Lovejoy 0 0 0 0 0 2 2 0 0 0 0/0 27:23 2:22 5:00
Brendon Nash 0 0 0 0 2 0 1 1 0 0 0/0 12:54 0:00 0:32
Clarke MacArthur 0 0 0 0 0 1 3 0 0 0 0/0 17:37 1:44 0:43
Jiri Hudler 0 0 0 1 0 2 0 0 0 0 1/1 14:43 0:00 3:09
Martin St. Louis 0 0 0 0 0 4 1 0 0 0 0/0 17:07 1:44 0:00
Matt Stajan 0 1 1 0 0 1 1 1 0 0 3/10 20:10 1:44 2:39
Maxim Afinogenov 1 1 2 1 4 8 0 2 1 0 1/1 17:11 2:14 0:28
Maxim Lapierre 1 0 1 1 0 2 3 2 0 0 7/12 12:15 0:00 0:58
Mike Ribeiro 0 1 1 1 4 2 0 0 0 1 17/26 19:36 2:14 3:28
Milan Michalek 0 0 0 1 0 7 3 1 0 0 5/11 24:52 2:14 5:49
Nigel Dawes 0 0 0 0 0 1 1 0 0 0 0/0 5:20 0:00 0:37
Nikolai Zherdev 0 0 0 0 0 0 0 0 0 0 1/2 2:11 0:00 0:00
Patrick Eaves 0 0 0 0 0 0 0 0 0 0 0/0 4:43 0:00 0:00
Ryan Parent 0 0 0 0 0 0 0 1 0 0 0/0 11:59 0:00 0:10
Sami Lepisto 0 1 1 2 0 2 1 3 0 1 0/0 20:23 1:36 4:30
Tom Poti 0 1 1 2 0 1 1 0 0 1 0/0 20:31 1:36 4:38
Players Stats for Flames
Player Name G A P +/- PIM S H SB GA TA FO MP PP MP PK MP
------------------------------------------------------------------------------------
Alexander Semin 1 0 1 -1 0 3 3 1 0 1 1/1 22:16 4:24 1:31
Brad Marchand 0 0 0 0 0 0 2 0 1 0 0/0 9:51 0:35 1:43
Brendan Mikkelson 0 0 0 0 0 2 1 1 0 0 0/0 11:28 0:43 0:00
Colin Wilson 0 0 0 0 0 3 0 0 0 0 1/5 7:30 0:00 0:00
David Backes 0 1 1 -1 0 1 2 1 1 0 1/3 20:45 4:24 0:00
Derek Meech 0 0 0 0 0 0 2 1 0 0 0/0 22:52 6:28 1:38
Eric Staal 0 0 0 -1 0 4 1 0 0 0 13/28 22:36 4:24 1:18
Erik Johnson 0 0 0 -2 0 1 2 0 2 0 0/0 24:27 5:44 0:00
Jordin Tootoo 0 0 0 0 2 0 0 1 0 0 0/0 14:24 0:54 0:55
Marcel Goc 0 0 0 -1 0 1 0 0 0 0 6/14 12:35 0:16 2:19
Mark Bell 0 0 0 0 2 3 2 2 0 0 0/0 12:32 0:00 0:10
Michel Ouellet 0 0 0 -1 0 0 0 0 0 0 0/0 14:37 4:45 0:00
Noah Welch 0 0 0 0 0 1 0 0 1 0 0/0 11:26 3:58 0:00
Patrik Berglund 0 0 0 0 0 1 1 1 0 0 6/13 16:39 4:56 0:00
Robyn Regehr 0 0 0 0 0 0 2 0 0 0 0/0 21:44 3:27 1:38
Ron Hainsey 0 0 0 0 0 1 0 0 0 1 0/0 13:05 0:00 2:20
Steve Eminger 0 0 0 -2 0 1 4 1 0 0 0/0 22:45 0:00 2:20
Steve Regier 0 0 0 -1 0 1 0 1 0 0 0/0 14:28 4:37 0:00
3 Stars
1 - Maxim Lapierre (Van)
2 - Carey Price (Van)
3 - Sami Lepisto (Van)
Power Play
Canucks - 0 on 2 Attempt(s) - 0,00%
Flames - 0 on 5 Attempt(s) - 0,00%
Penalty Kill
Canucks - 5 on 5 Attempt(s) - 100,00%
- Score 0 goal in Penalty Kill
Flames - 2 on 2 Attempt(s) - 100,00%
- Score 0 goal in Penalty Kill
Team Stat
Canucks - Hits : 19 - Faceoff Wins : 36 - Blocked Shots : 13 - Penalty Minutes : 10
Flames - Hits : 22 - Faceoff Wins : 28 - Blocked Shots : 10 - Penalty Minutes : 4
Official
Referees : Pochmara Brian and Fraser Kerry
Linesman : Derek Nansen and Lonnie Cameron
Game Notes
Maxim Afinogenov has scored in a empty net!
Finance
Level 1 -- Attendance: 4624 (77,07%) -- Ticket Income 411 536 $
Level 2 -- Attendance: 3779 (75,58%) -- Ticket Income 215 403 $
Level 3 -- Attendance: 1648 (82,40%) -- Ticket Income 54 384 $
Level 4 -- Attendance: 2810 (70,25%) -- Ticket Income 64 630 $
Luxury Box -- Attendance: 745 (74,50%) -- Ticket Income 125 905 $
Game was played at the Metal Center.
Total Attendance: 13606 (75,59%)
Total Ticket Income: 871 858 $
Other Income: 130 779 $
Total Income: 1 002 637 $
Canucks
5 vs 5 Forward
Center Left Wing Right Wing Time % Phy DF OF
1 Mike Ribeiro Milan Michalek Maxim Afinogenov 40 1 2 2
2 Matt Stajan Clarke MacArthur Martin St. Louis 30 1 2 2
3 Maxim Lapierre Alex Tanguay Jiri Hudler 20 1 2 2
4 Milan Michalek Nigel Dawes Patrick Eaves 10 1 2 2
5 vs 5 Defense
Defense Defense Time % Phy DF OF
1 Alex Goligoski Ben Lovejoy 40 1 2 2
2 Tom Poti Sami Lepisto 30 1 2 2
3 Ryan Parent Brendon Nash 20 1 2 2
4 Alex Goligoski Ben Lovejoy 10 1 2 2
PowerPlay Forward
Center Left Wing Right Wing Time % Phy DF OF
1 Mike Ribeiro Milan Michalek Maxim Afinogenov 60 1 2 2
2 Matt Stajan Clarke MacArthur Martin St. Louis 40 1 2 2
PowerPlay Defense
Defense Defense Time % Phy DF OF
1 Alex Goligoski Ben Lovejoy 60 1 2 2
2 Tom Poti Sami Lepisto 40 1 2 2
Penalty Kill 4 Players Forward
Center Wing Time % Phy DF OF
1 Milan Michalek Mike Ribeiro 60 1 2 2
2 Maxim Afinogenov Matt Stajan 40 1 2 2
Penalty Kill 4 Players Defense
Defense Defense Time % Phy DF OF
1 Alex Goligoski Ben Lovejoy 60 1 2 2
2 Tom Poti Sami Lepisto 40 1 2 2
Penalty Kill - 3 Players Forward
Forward Time % Phy DF OF
1 Milan Michalek 60 1 2 2
2 Mike Ribeiro 40 1 2 2
Penalty Kill - 3 Players Defense
Defense Defense Time % Phy DF OF
1 Alex Goligoski Ben Lovejoy 60 1 2 2
2 Tom Poti Sami Lepisto 40 1 2 2
4 vs 4 Forward
Center Wing Time % Phy DF OF
1 Milan Michalek Mike Ribeiro 60 1 2 2
2 Maxim Afinogenov Matt Stajan 40 1 2 2
4 vs 4 Defense
Defense Defense Time % Phy DF OF
1 Alex Goligoski Ben Lovejoy 60 1 2 2
2 Tom Poti Sami Lepisto 40 1 2 2
Last Minutes Offensive
Center Left Wing Right Wing Defense Defense
Mike Ribeiro Milan Michalek Maxim Afinogenov Alex Goligoski Ben Lovejoy
Last Minutes Defensive
Center Left Wing Right Wing Defense Defense
Mike Ribeiro Milan Michalek Maxim Afinogenov Alex Goligoski Ben Lovejoy
Goaltenders
Starting : Carey Price
Backup : Brent Krahn
Extra Forwards
Normal : Nikolai Zherdev, Alex Tanguay, Jiri Hudler - PP : Nikolai Zherdev, Alex Tanguay - PK : Jiri Hudler
Extra Defensemen
Normal : Ryan Parent, Brendon Nash, Tom Poti - PP : Ryan Parent - PK : Brendon Nash, Tom Poti
Penalty Shots
Milan Michalek, Mike Ribeiro, Maxim Afinogenov, Matt Stajan, Martin St. Louis
Flames
5 vs 5 Forward
Center Left Wing Right Wing Time % Phy DF OF
1 Eric Staal Alexander Semin David Backes 39 1 2 2
2 Patrik Berglund Mark Bell Jordin Tootoo 30 1 2 2
3 Marcel Goc Steve Regier Michel Ouellet 21 1 2 2
4 Colin Wilson Brad Marchand Noah Welch 10 1 2 2
5 vs 5 Defense
Defense Defense Time % Phy DF OF
1 Erik Johnson Steve Eminger 40 1 2 2
2 Robyn Regehr Derek Meech 30 1 2 2
3 Ron Hainsey Brendan Mikkelson 20 1 2 2
4 Robyn Regehr Steve Eminger 10 1 2 2
PowerPlay Forward
Center Left Wing Right Wing Time % Phy DF OF
1 Eric Staal Alexander Semin David Backes 60 1 1 3
2 Patrik Berglund Steve Regier Michel Ouellet 40 1 1 3
PowerPlay Defense
Defense Defense Time % Phy DF OF
1 Erik Johnson Derek Meech 60 1 1 3
2 Noah Welch Robyn Regehr 40 1 1 3
Penalty Kill 4 Players Forward
Center Wing Time % Phy DF OF
1 Marcel Goc Jordin Tootoo 60 1 3 1
2 Eric Staal Alexander Semin 40 1 3 1
Penalty Kill 4 Players Defense
Defense Defense Time % Phy DF OF
1 Ron Hainsey Steve Eminger 60 1 4 0
2 Robyn Regehr Derek Meech 40 1 4 0
Penalty Kill - 3 Players Forward
Forward Time % Phy DF OF
1 Eric Staal 60 1 4 0
2 Alexander Semin 40 1 4 0
Penalty Kill - 3 Players Defense
Defense Defense Time % Phy DF OF
1 Ron Hainsey Steve Eminger 60 1 4 0
2 Robyn Regehr Derek Meech 40 1 4 0
4 vs 4 Forward
Center Wing Time % Phy DF OF
1 Eric Staal Alexander Semin 60 1 2 2
2 Patrik Berglund Jordin Tootoo 40 1 2 2
4 vs 4 Defense
Defense Defense Time % Phy DF OF
1 Erik Johnson Steve Eminger 60 1 2 2
2 Robyn Regehr Derek Meech 40 1 2 2
Last Minutes Offensive
Center Left Wing Right Wing Defense Defense
Eric Staal Alexander Semin David Backes Erik Johnson Steve Eminger
Last Minutes Defensive
Center Left Wing Right Wing Defense Defense
Eric Staal Alexander Semin David Backes Erik Johnson Steve Eminger
Goaltenders
Starting : Pekka Rinne
Backup : Craig Anderson
Extra Forwards
Normal : Alexander Semin, Jordin Tootoo, Steve Regier - PP : Jordin Tootoo, Steve Regier - PK : Brad Marchand
Extra Defensemen
Normal : Erik Johnson, Derek Meech, Ron Hainsey - PP : Noah Welch - PK : Erik Johnson, Derek Meech
Penalty Shots
Eric Staal, Alexander Semin, Patrik Berglund, David Backes, Colin Wilson
% Time on Ice - Canucks
Lines # - Real PCT - Wanted PCT - Time Play
Normal Forward
1 - 30% - 40% - 13:56
2 - 35% - 30% - 15:47
3 - 25% - 20% - 11:17
4 - 10% - 10% - 4:43
Normal Defense
1 - 41% - 40% - 18:42
2 - 30% - 30% - 13:53
3 - 26% - 20% - 11:49
4 - 3% - 10% - 1:19
PP Forward
1 - 56% - 60% - 2:14
2 - 44% - 40% - 1:44
PP Defense
1 - 60% - 60% - 2:22
2 - 40% - 40% - 1:36
PK Forward
1 - 78% - 60% - 7:45
2 - 22% - 40% - 2:10
PK Defense
1 - 50% - 60% - 5:00
2 - 50% - 40% - 4:55
PK3 Forward
1 - 0% - 60%
2 - 0% - 40%
PK3 Defense
1 - 0% - 60%
2 - 0% - 40%
44 Forward
1 - 0% - 60%
2 - 0% - 40%
44 Defense
1 - 0% - 60%
2 - 0% - 40%
Last Minute Offensive - 0:00
Last Minute Defensive - 0:24
Total
Forward - 60:00
Defense - 60:00
|
% Time on Ice - Flames
Lines # - Real PCT - Wanted PCT - Time Play
Normal Forward
1 - 35% - 39% - 15:59
2 - 27% - 30% - 12:23
3 - 21% - 21% - 9:48
4 - 16% - 10% - 7:30
Normal Defense
1 - 40% - 40% - 18:16
2 - 31% - 30% - 13:57
3 - 24% - 20% - 10:45
4 - 6% - 10% - 2:42
PP Forward
1 - 44% - 60% - 4:24
2 - 56% - 40% - 5:31
PP Defense
1 - 58% - 60% - 5:44
2 - 42% - 40% - 4:11
PK Forward
1 - 90% - 60% - 3:35
2 - 10% - 40% - 0:23
PK Defense
1 - 59% - 60% - 2:20
2 - 41% - 40% - 1:38
PK3 Forward
1 - 0% - 60%
2 - 0% - 40%
PK3 Defense
1 - 0% - 60%
2 - 0% - 40%
44 Forward
1 - 0% - 60%
2 - 0% - 40%
44 Defense
1 - 0% - 60%
2 - 0% - 40%
Last Minute Offensive - 0:27
Last Minute Defensive - 0:00
Total
Forward - 60:00
Defense - 60:00
|
Play by Play
1st period
0:01 of 1st period - Mike Ribeiro wins face-off versus Eric Staal in neutral zone.
0:08 of 1st period - Snap shot by Milan Michalek.
0:08 of 1st period - Shot Misses the Net.
0:22 of 1st period - Minor Penalty to Maxim Afinogenov for High sticking.
0:23 of 1st period - Milan Michalek wins face-off versus Eric Staal in Canucks zone.
0:52 of 1st period - Snap shot by Michel Ouellet.
0:52 of 1st period - Shot Misses the Net.
0:54 of 1st period - Slapshot by Noah Welch.
0:54 of 1st period - Deflect By Steve Regier.
0:54 of 1st period - Stopped by Carey Price without a rebound.
0:55 of 1st period - Jiri Hudler wins face-off versus Patrik Berglund in Canucks zone.
2:22 of 1st period - Penalty to Maxim Afinogenov is over, Maxim Afinogenov is back on ice.
2:30 of 1st period - Ryan Parent is hit by Brad Marchand.
2:52 of 1st period - Brendan Mikkelson is hit by Milan Michalek and loses puck.
3:12 of 1st period - Icing by Steve Eminger.
3:13 of 1st period - Mike Ribeiro wins face-off versus Marcel Goc in Flames zone.
3:30 of 1st period - Wrist shot by Alexander Semin.
3:30 of 1st period - Stopped by Carey Price without a rebound.
3:31 of 1st period - Eric Staal wins face-off versus Matt Stajan in Canucks zone.
3:40 of 1st period - Snap shot by Alexander Semin.
3:40 of 1st period - Shot Blocked by Matt Stajan.
3:44 of 1st period - Slapshot by David Backes.
3:44 of 1st period - Shot Misses the Net.
3:46 of 1st period - Snap shot by David Backes.
3:46 of 1st period - Shot Hit the Post.
3:48 of 1st period - Snap shot by Eric Staal.
3:48 of 1st period - Shot Blocked by Alex Goligoski.
4:09 of 1st period - Derek Meech is hit by Alex Tanguay and loses puck.
4:22 of 1st period - Snap shot by Maxim Afinogenov.
4:22 of 1st period - Stopped by Pekka Rinne with a rebound.
4:45 of 1st period - Wrist shot by Mark Bell.
4:45 of 1st period - Stopped by Carey Price without a rebound.
4:46 of 1st period - Mike Ribeiro wins face-off versus Eric Staal in Canucks zone.
5:11 of 1st period - Alexander Semin is hit by Alex Tanguay and loses puck.
5:34 of 1st period - Matt Stajan is hit by Steve Eminger.
5:58 of 1st period - Snap shot by Mike Ribeiro.
5:58 of 1st period - Deflect By Milan Michalek.
5:58 of 1st period - Shot Misses the Net.
5:58 of 1st period - Puck is out of play.
5:59 of 1st period - Mike Ribeiro wins face-off versus Colin Wilson in Flames zone.
6:04 of 1st period - Snap shot by Milan Michalek.
6:04 of 1st period - Shot Blocked by Derek Meech.
6:12 of 1st period - Wrist shot by Colin Wilson.
6:12 of 1st period - Deflect By Noah Welch.
6:12 of 1st period - Shot Blocked by Sami Lepisto.
6:12 of 1st period - Puck is out of play.
6:13 of 1st period - Eric Staal wins face-off versus Matt Stajan in Canucks zone.
7:01 of 1st period - Snap shot by Jiri Hudler.
7:01 of 1st period - Stopped by Pekka Rinne with a rebound.
7:03 of 1st period - Snap shot by Mike Ribeiro.
7:03 of 1st period - Shot Misses the Net.
7:27 of 1st period - Wrist shot by Colin Wilson.
7:27 of 1st period - Stopped by Carey Price without a rebound.
7:28 of 1st period - Matt Stajan wins face-off versus Colin Wilson in Canucks zone.
7:41 of 1st period - Slapshot by Martin St. Louis.
7:41 of 1st period - Stopped by Pekka Rinne with a rebound.
7:43 of 1st period - Wrist shot by Matt Stajan.
7:43 of 1st period - Shot Misses the Net.
7:55 of 1st period - Sami Lepisto is hit by Alexander Semin and loses puck.
8:02 of 1st period - Snap shot by Maxim Afinogenov.
8:02 of 1st period - Stopped by Pekka Rinne with a rebound.
8:20 of 1st period - Wrist shot by Mark Bell.
8:20 of 1st period - Stopped by Carey Price without a rebound.
8:21 of 1st period - Maxim Afinogenov wins face-off versus Eric Staal in Canucks zone.
9:35 of 1st period - Icing by Derek Meech.
9:36 of 1st period - Marcel Goc wins face-off versus Milan Michalek in Flames zone.
9:36 of 1st period - Marcel Goc is hit by Milan Michalek.
9:46 of 1st period - Wrist shot by Milan Michalek.
9:46 of 1st period - Shot Misses the Net.
10:17 of 1st period - Snap shot by Milan Michalek.
10:17 of 1st period - Stopped by Pekka Rinne without a rebound.
10:18 of 1st period - Maxim Lapierre wins face-off versus Eric Staal in Flames zone.
10:27 of 1st period - Wrist shot by Eric Staal.
10:27 of 1st period - Shot Misses the Net.
10:29 of 1st period - Wrist shot by David Backes.
10:29 of 1st period - Shot Misses the Net.
10:31 of 1st period - Wrist shot by David Backes.
10:31 of 1st period - Stopped by Carey Price with a rebound.
10:33 of 1st period - Slapshot by Steve Eminger.
10:33 of 1st period - Deflect By Eric Staal.
10:33 of 1st period - Shot Blocked by Brendon Nash.
10:33 of 1st period - Puck is out of play.
10:34 of 1st period - Patrik Berglund wins face-off versus Matt Stajan in Canucks zone.
10:59 of 1st period - Patrik Berglund is hit by Maxim Lapierre and loses puck.
11:18 of 1st period - Minor Penalty to Mark Bell for High sticking.
11:19 of 1st period - Marcel Goc wins face-off versus Mike Ribeiro in Flames zone.
11:33 of 1st period - Off-side.
11:34 of 1st period - Marcel Goc wins face-off versus Mike Ribeiro in neutral zone.
11:39 of 1st period - Ben Lovejoy is hit by Steve Eminger and loses puck.
13:18 of 1st period - Penalty to Mark Bell is over, Mark Bell is back on ice.
13:25 of 1st period - Off-side.
13:26 of 1st period - Maxim Lapierre wins face-off versus Eric Staal in neutral zone.
13:29 of 1st period - Erik Johnson is hit by Maxim Lapierre and loses puck.
13:36 of 1st period - Maxim Lapierre is hit by David Backes and loses puck.
13:49 of 1st period - Snap shot by Milan Michalek.
13:49 of 1st period - Stopped by Pekka Rinne with a rebound.
13:51 of 1st period - Slapshot by Ben Lovejoy.
13:51 of 1st period - Stopped by Pekka Rinne with a rebound.
14:15 of 1st period - Snap shot by Brad Marchand.
14:15 of 1st period - Shot Misses the Net.
14:17 of 1st period - Slapshot by Ron Hainsey.
14:17 of 1st period - Shot Blocked by Sami Lepisto.
14:44 of 1st period - Slapshot by Eric Staal.
14:44 of 1st period - Stopped by Carey Price with a rebound.
14:46 of 1st period - Slapshot by Alexander Semin.
14:46 of 1st period - Stopped by Carey Price without a rebound.
14:47 of 1st period - Alex Tanguay wins face-off versus Eric Staal in Canucks zone.
14:53 of 1st period - Off-side.
14:54 of 1st period - Eric Staal wins face-off versus Maxim Lapierre in neutral zone.
14:57 of 1st period - Brendon Nash is hit by David Backes and loses puck.
15:28 of 1st period - Slapshot by Milan Michalek.
15:28 of 1st period - Shot Misses the Net.
15:50 of 1st period - Wrist shot by Michel Ouellet.
15:50 of 1st period - Shot Misses the Net.
16:06 of 1st period - Icing by Nigel Dawes.
16:07 of 1st period - Eric Staal wins face-off versus Milan Michalek in Canucks zone.
16:38 of 1st period - Slapshot by Martin St. Louis.
16:38 of 1st period - Stopped by Pekka Rinne with a rebound.
16:40 of 1st period - Slapshot by Alex Goligoski.
16:40 of 1st period - Stopped by Pekka Rinne without a rebound.
16:41 of 1st period - Eric Staal wins face-off versus Mike Ribeiro in Flames zone.
16:46 of 1st period - Snap shot by Eric Staal.
16:46 of 1st period - Stopped by Carey Price without a rebound.
16:47 of 1st period - Mike Ribeiro wins face-off versus Eric Staal in Canucks zone.
16:54 of 1st period - Snap shot by Maxim Afinogenov.
16:54 of 1st period - Deflect By Eric Staal.
16:54 of 1st period - Stopped by Pekka Rinne with a rebound.
16:56 of 1st period - Slapshot by Tom Poti.
16:56 of 1st period - Shot Misses the Net.
16:58 of 1st period - Snap shot by Tom Poti.
16:58 of 1st period - Shot Blocked by Steve Eminger.
17:00 of 1st period - Slapshot by Sami Lepisto.
17:00 of 1st period - Deflect By Steve Eminger.
17:00 of 1st period - Stopped by Pekka Rinne with a rebound.
17:02 of 1st period - Snap shot by Mike Ribeiro.
17:02 of 1st period - Stopped by Pekka Rinne without a rebound.
17:03 of 1st period - Patrik Berglund wins face-off versus Matt Stajan in Flames zone.
17:05 of 1st period - Minor Penalty to Jordin Tootoo for Hooking.
17:06 of 1st period - Mike Ribeiro wins face-off versus Marcel Goc in Flames zone.
17:12 of 1st period - Snap shot by Alex Goligoski.
17:12 of 1st period - Deflect By Milan Michalek.
17:12 of 1st period - Shot Misses the Net.
17:12 of 1st period - Puck is out of play.
17:13 of 1st period - Marcel Goc wins face-off versus Mike Ribeiro in Flames zone.
19:05 of 1st period - Penalty to Jordin Tootoo is over, Jordin Tootoo is back on ice.
19:20 of 1st period - Jiri Hudler is hit by Mark Bell and loses puck.
19:52 of 1st period - Ben Lovejoy is hit by Erik Johnson.
Goals for this period are 0 for Canucks vs 0 for Flames.
Shots for this period are 12 for Canucks vs 9 for Flames.
2nd period
0:01 of 2nd period - Eric Staal wins face-off versus Mike Ribeiro in neutral zone.
0:10 of 2nd period - Snap shot by Maxim Afinogenov.
0:10 of 2nd period - Stopped by Pekka Rinne without a rebound.
0:11 of 2nd period - Mike Ribeiro wins face-off versus David Backes in Flames zone.
0:22 of 2nd period - Slapshot by Erik Johnson.
0:22 of 2nd period - Shot Misses the Net.
0:25 of 2nd period - Icing by Alex Goligoski.
0:26 of 2nd period - Patrik Berglund wins face-off versus Mike Ribeiro in Canucks zone.
0:57 of 2nd period - Snap shot by Milan Michalek.
0:57 of 2nd period - Stopped by Pekka Rinne with a rebound.
1:31 of 2nd period - Slapshot by Milan Michalek.
1:31 of 2nd period - Stopped by Pekka Rinne with a rebound.
1:33 of 2nd period - Wrist shot by Milan Michalek.
1:33 of 2nd period - Stopped by Pekka Rinne without a rebound.
1:34 of 2nd period - Colin Wilson wins face-off versus Matt Stajan in Flames zone.
2:11 of 2nd period - Backhand shot by David Backes.
2:11 of 2nd period - Shot Blocked by Maxim Lapierre.
2:30 of 2nd period - Off-side.
2:31 of 2nd period - Marcel Goc wins face-off versus Nikolai Zherdev in neutral zone.
2:34 of 2nd period - Ryan Parent is hit by Steve Eminger and loses puck.
2:58 of 2nd period - Minor Penalty to Brendon Nash for Roughing.
2:59 of 2nd period - Eric Staal wins face-off versus Milan Michalek in Canucks zone.
3:12 of 2nd period - Snap shot by Eric Staal.
3:12 of 2nd period - Deflect By David Backes.
3:12 of 2nd period - Shot Misses the Net.
3:12 of 2nd period - Puck is out of play.
3:13 of 2nd period - Eric Staal wins face-off versus Milan Michalek in Canucks zone.
4:58 of 2nd period - Penalty to Brendon Nash is over, Brendon Nash is back on ice.
4:58 of 2nd period - Maxim Afinogenov is hit by Alexander Semin.
5:31 of 2nd period - Slapshot by Maxim Afinogenov.
5:31 of 2nd period - Stopped by Pekka Rinne without a rebound.
5:32 of 2nd period - Marcel Goc wins face-off versus Maxim Lapierre in Flames zone.
5:41 of 2nd period - Michel Ouellet is hit by Ben Lovejoy and loses puck.
5:58 of 2nd period - Snap shot by Milan Michalek.
5:58 of 2nd period - Stopped by Pekka Rinne with a rebound.
6:02 of 2nd period - Snap shot by Patrick Eaves.
6:02 of 2nd period - Deflect By Nigel Dawes.
6:02 of 2nd period - Shot Hit the Post.
6:02 of 2nd period - Puck is out of play.
6:03 of 2nd period - Milan Michalek wins face-off versus Colin Wilson in Flames zone.
6:27 of 2nd period - Martin St. Louis is hit by Brendan Mikkelson and loses puck.
6:36 of 2nd period - Steve Eminger is hit by Clarke MacArthur and loses puck.
6:40 of 2nd period - Icing by Alexander Semin.
6:41 of 2nd period - Mike Ribeiro wins face-off versus Eric Staal in Flames zone.
7:31 of 2nd period - Snap shot by Ben Lovejoy.
7:31 of 2nd period - Shot Misses the Net.
8:04 of 2nd period - Robyn Regehr is hit by Tom Poti and loses puck.
8:21 of 2nd period - Snap shot by Tom Poti.
8:21 of 2nd period - Deflect By David Backes.
8:21 of 2nd period - Stopped by Pekka Rinne with a rebound.
8:35 of 2nd period - Ryan Parent is hit by Patrik Berglund and loses puck.
9:04 of 2nd period - Off-side.
9:05 of 2nd period - Mike Ribeiro wins face-off versus Colin Wilson in neutral zone.
9:16 of 2nd period - Snap shot by Erik Johnson.
9:16 of 2nd period - Deflect By Maxim Afinogenov.
9:16 of 2nd period - Stopped by Carey Price without a rebound.
9:17 of 2nd period - Eric Staal wins face-off versus Matt Stajan in Canucks zone.
9:24 of 2nd period - Wrist shot by Eric Staal.
9:24 of 2nd period - Deflect By Ben Lovejoy.
9:24 of 2nd period - Stopped by Carey Price without a rebound.
9:25 of 2nd period - Matt Stajan wins face-off versus David Backes in Canucks zone.
9:25 of 2nd period - Matt Stajan is hit by Alexander Semin.
10:38 of 2nd period - Wrist shot by Matt Stajan.
10:38 of 2nd period - Shot Misses the Net.
10:40 of 2nd period - Slapshot by Ben Lovejoy.
10:40 of 2nd period - Shot Misses the Net.
12:20 of 2nd period - Martin St. Louis is hit by Eric Staal and loses puck.
12:35 of 2nd period - Slapshot by Martin St. Louis.
12:35 of 2nd period - Shot Blocked by Alexander Semin.
12:53 of 2nd period - Snap shot by Clarke MacArthur.
12:53 of 2nd period - Shot Misses the Net.
13:33 of 2nd period - Backhand shot by Martin St. Louis.
13:33 of 2nd period - Shot Misses the Net.
13:37 of 2nd period - Wrist shot by Matt Stajan.
13:37 of 2nd period - Stopped by Pekka Rinne without a rebound.
13:38 of 2nd period - Patrik Berglund wins face-off versus Mike Ribeiro in Flames zone.
14:03 of 2nd period - Steve Regier is hit by Maxim Lapierre and loses puck.
14:09 of 2nd period - Icing by Robyn Regehr.
14:10 of 2nd period - Maxim Lapierre wins face-off versus Marcel Goc in Flames zone.
14:13 of 2nd period - Wrist shot by Jiri Hudler.
14:13 of 2nd period - Stopped by Pekka Rinne with a rebound.
15:07 of 2nd period - Slapshot by Steve Regier.
15:07 of 2nd period - Deflect By Marcel Goc.
15:07 of 2nd period - Shot Blocked by Ryan Parent.
15:07 of 2nd period - Puck is out of play.
15:08 of 2nd period - Mike Ribeiro wins face-off versus Patrik Berglund in Canucks zone.
15:10 of 2nd period - Minor Penalty to Mike Ribeiro for Slashing.
15:11 of 2nd period - Patrik Berglund wins face-off versus Milan Michalek in Canucks zone.
15:43 of 2nd period - Wrist shot by Jordin Tootoo.
15:43 of 2nd period - Shot Misses the Net.
15:45 of 2nd period - Wrist shot by Patrik Berglund.
15:45 of 2nd period - Shot Misses the Net.
16:23 of 2nd period - Off-side.
16:24 of 2nd period - Maxim Lapierre wins face-off versus Marcel Goc in neutral zone.
16:27 of 2nd period - Brendan Mikkelson is hit by Nigel Dawes and loses puck.
16:36 of 2nd period - Wrist shot by Maxim Lapierre.
16:36 of 2nd period - Deflect By Nigel Dawes.
16:36 of 2nd period - Stopped by Pekka Rinne without a rebound.
16:37 of 2nd period - Milan Michalek wins face-off versus Patrik Berglund in Flames zone.
16:42 of 2nd period - Slapshot by Milan Michalek.
16:42 of 2nd period - Stopped by Pekka Rinne with a rebound.
17:10 of 2nd period - Penalty to Mike Ribeiro is over, Mike Ribeiro is back on ice.
18:35 of 2nd period - Icing by Sami Lepisto.
18:36 of 2nd period - Maxim Lapierre wins face-off versus Patrik Berglund in Canucks zone.
19:31 of 2nd period - Steve Regier is hit by Matt Stajan and loses puck.
19:54 of 2nd period - Snap shot by Patrick Eaves.
19:54 of 2nd period - Shot Blocked by David Backes.
Goals for this period are 0 for Canucks vs 0 for Flames.
Shots for this period are 11 for Canucks vs 2 for Flames.
3rd period
0:01 of 3rd period - Patrik Berglund wins face-off versus Mike Ribeiro in neutral zone.
0:25 of 3rd period - Alexander Semin is hit by Clarke MacArthur and loses puck.
0:36 of 3rd period - Snap shot by David Backes.
0:36 of 3rd period - Shot Misses the Net.
0:54 of 3rd period - Slapshot by Maxim Lapierre.
0:54 of 3rd period - Goal by Maxim Lapierre - Canucks : 1 - Flames : 0.
0:55 of 3rd period - Milan Michalek wins face-off versus Patrik Berglund in neutral zone.
1:06 of 3rd period - Snap shot by Maxim Afinogenov.
1:06 of 3rd period - Stopped by Pekka Rinne with a rebound.
1:20 of 3rd period - Wrist shot by Clarke MacArthur.
1:20 of 3rd period - Stopped by Pekka Rinne without a rebound.
1:21 of 3rd period - Matt Stajan wins face-off versus Eric Staal in Flames zone.
1:30 of 3rd period - Snap shot by Eric Staal.
1:30 of 3rd period - Shot Blocked by Sami Lepisto.
1:48 of 3rd period - Clarke MacArthur is hit by Steve Eminger and loses puck.
2:21 of 3rd period - Slapshot by Martin St. Louis.
2:21 of 3rd period - Stopped by Pekka Rinne without a rebound.
2:22 of 3rd period - Mike Ribeiro wins face-off versus Patrik Berglund in Flames zone.
2:34 of 3rd period - Minor Penalty to Mike Ribeiro for Hooking.
2:35 of 3rd period - Milan Michalek wins face-off versus Eric Staal in Canucks zone.
2:35 of 3rd period - Milan Michalek is hit by Derek Meech.
4:34 of 3rd period - Penalty to Mike Ribeiro is over, Mike Ribeiro is back on ice.
5:32 of 3rd period - Wrist shot by Mike Ribeiro.
5:32 of 3rd period - Stopped by Pekka Rinne without a rebound.
5:33 of 3rd period - Nikolai Zherdev wins face-off versus Eric Staal in Flames zone.
5:38 of 3rd period - Slapshot by Ben Lovejoy.
5:38 of 3rd period - Shot Misses the Net.
5:40 of 3rd period - Wrist shot by Mike Ribeiro.
5:40 of 3rd period - Shot Misses the Net.
5:42 of 3rd period - Slapshot by Ben Lovejoy.
5:42 of 3rd period - Shot Blocked by Mark Bell.
5:44 of 3rd period - Snap shot by Alex Goligoski.
5:44 of 3rd period - Shot Misses the Net.
6:07 of 3rd period - Alex Goligoski is hit by Brad Marchand and loses puck.
6:21 of 3rd period - Wrist shot by Ron Hainsey.
6:21 of 3rd period - Shot Misses the Net.
6:23 of 3rd period - Snap shot by Ron Hainsey.
6:23 of 3rd period - Stopped by Carey Price with a rebound.
6:25 of 3rd period - Snap shot by Marcel Goc.
6:25 of 3rd period - Shot Misses the Net.
6:27 of 3rd period - Wrist shot by Marcel Goc.
6:27 of 3rd period - Shot Misses the Net.
6:29 of 3rd period - Snap shot by Brendan Mikkelson.
6:29 of 3rd period - Stopped by Carey Price without a rebound.
6:30 of 3rd period - Mike Ribeiro wins face-off versus Patrik Berglund in Canucks zone.
6:32 of 3rd period - Minor Penalty to Maxim Afinogenov for Kneeing.
6:33 of 3rd period - Mike Ribeiro wins face-off versus Eric Staal in Canucks zone.
6:47 of 3rd period - Slapshot by Eric Staal.
6:47 of 3rd period - Stopped by Carey Price without a rebound.
6:48 of 3rd period - Eric Staal wins face-off versus Milan Michalek in Canucks zone.
6:57 of 3rd period - Snap shot by Alex Goligoski.
6:57 of 3rd period - Shot Misses the Net.
6:59 of 3rd period - Slapshot by Ben Lovejoy.
6:59 of 3rd period - Stopped by Pekka Rinne with a rebound.
7:01 of 3rd period - Backhand shot by Milan Michalek.
7:01 of 3rd period - Shot Misses the Net.
7:59 of 3rd period - Snap shot by Maxim Lapierre.
7:59 of 3rd period - Stopped by Pekka Rinne without a rebound.
8:00 of 3rd period - Alexander Semin wins face-off versus Maxim Lapierre in Flames zone.
8:09 of 3rd period - Sami Lepisto is hit by Erik Johnson and loses puck.
8:32 of 3rd period - Penalty to Maxim Afinogenov is over, Maxim Afinogenov is back on ice.
9:01 of 3rd period - Snap shot by Matt Stajan.
9:01 of 3rd period - Shot Misses the Net.
9:03 of 3rd period - Wrist shot by Martin St. Louis.
9:03 of 3rd period - Shot Blocked by Mark Bell.
10:08 of 3rd period - Off-side.
10:09 of 3rd period - Eric Staal wins face-off versus Matt Stajan in neutral zone.
10:34 of 3rd period - Mark Bell is hit by Milan Michalek and loses puck.
10:45 of 3rd period - Snap shot by Mark Bell.
10:45 of 3rd period - Shot Misses the Net.
10:57 of 3rd period - Snap shot by Brad Marchand.
10:57 of 3rd period - Shot Blocked by Maxim Lapierre.
10:59 of 3rd period - Slapshot by Steve Eminger.
10:59 of 3rd period - Stopped by Carey Price with a rebound.
11:01 of 3rd period - Wrist shot by Brad Marchand.
11:01 of 3rd period - Shot Misses the Net.
11:03 of 3rd period - Snap shot by Brad Marchand.
11:03 of 3rd period - Shot Misses the Net.
11:05 of 3rd period - Snap shot by Colin Wilson.
11:05 of 3rd period - Stopped by Carey Price with a rebound.
11:07 of 3rd period - Snap shot by Steve Eminger.
11:07 of 3rd period - Shot Blocked by Alex Tanguay.
12:10 of 3rd period - Slapshot by Ron Hainsey.
12:10 of 3rd period - Shot Blocked by Milan Michalek.
12:12 of 3rd period - Slapshot by Noah Welch.
12:12 of 3rd period - Shot Misses the Net.
12:14 of 3rd period - Wrist shot by Colin Wilson.
12:14 of 3rd period - Stopped by Carey Price with a rebound.
12:16 of 3rd period - Wrist shot by Brendan Mikkelson.
12:16 of 3rd period - Stopped by Carey Price with a rebound.
12:18 of 3rd period - Wrist shot by Noah Welch.
12:18 of 3rd period - Stopped by Carey Price without a rebound.
12:19 of 3rd period - Eric Staal wins face-off versus Maxim Lapierre in Canucks zone.
12:44 of 3rd period - Patrik Berglund is hit by Clarke MacArthur and loses puck.
13:03 of 3rd period - Jordin Tootoo is hit by Ben Lovejoy and loses puck.
13:08 of 3rd period - Snap shot by Maxim Afinogenov.
13:08 of 3rd period - Shot Misses the Net.
13:10 of 3rd period - Slapshot by Maxim Afinogenov.
13:10 of 3rd period - Shot Blocked by Jordin Tootoo.
13:39 of 3rd period - Steve Regier is hit by Brendon Nash and loses puck.
13:46 of 3rd period - Wrist shot by Maxim Lapierre.
13:46 of 3rd period - Deflect By Alex Tanguay.
13:46 of 3rd period - Shot Misses the Net.
13:46 of 3rd period - Puck is out of play.
13:47 of 3rd period - Mike Ribeiro wins face-off versus Eric Staal in Flames zone.
13:48 of 3rd period - Wrist shot by Maxim Afinogenov.
13:48 of 3rd period - Shot Blocked by Brendan Mikkelson.
13:50 of 3rd period - Backhand shot by Alex Goligoski.
13:50 of 3rd period - Goal by Alex Goligoski - Canucks : 2 - Flames : 0.
13:51 of 3rd period - Mike Ribeiro wins face-off versus Eric Staal in neutral zone.
14:00 of 3rd period - Wrist shot by Maxim Afinogenov.
14:00 of 3rd period - Stopped by Pekka Rinne with a rebound.
14:08 of 3rd period - Slapshot by Steve Eminger.
14:08 of 3rd period - Shot Misses the Net.
14:18 of 3rd period - Steve Eminger is hit by Martin St. Louis and loses puck.
14:27 of 3rd period - Wrist shot by Matt Stajan.
14:27 of 3rd period - Shot Misses the Net.
14:29 of 3rd period - Slapshot by Sami Lepisto.
14:29 of 3rd period - Deflect By Jordin Tootoo.
14:29 of 3rd period - Stopped by Pekka Rinne without a rebound.
14:30 of 3rd period - Eric Staal wins face-off versus Maxim Lapierre in Flames zone.
14:43 of 3rd period - Slapshot by Tom Poti.
14:43 of 3rd period - Shot Misses the Net.
14:57 of 3rd period - Martin St. Louis is hit by Robyn Regehr and loses puck.
15:39 of 3rd period - Off-side.
15:40 of 3rd period - Maxim Lapierre wins face-off versus Marcel Goc in neutral zone.
15:56 of 3rd period - Off-side.
15:57 of 3rd period - David Backes wins face-off versus Mike Ribeiro in neutral zone.
16:00 of 3rd period - Wrist shot by Alexander Semin.
16:00 of 3rd period - Goal by Alexander Semin - Canucks : 2 - Flames : 1.
16:01 of 3rd period - Mike Ribeiro wins face-off versus Marcel Goc in neutral zone.
16:27 of 3rd period - Milan Michalek is hit by Mark Bell and loses puck.
16:46 of 3rd period - Snap shot by Maxim Afinogenov.
16:46 of 3rd period - Shot Blocked by Patrik Berglund.
16:54 of 3rd period - Slapshot by Patrik Berglund.
16:54 of 3rd period - Stopped by Carey Price with a rebound.
16:56 of 3rd period - Slapshot by Erik Johnson.
16:56 of 3rd period - Shot Blocked by Maxim Afinogenov.
16:58 of 3rd period - Slapshot by Erik Johnson.
16:58 of 3rd period - Shot Misses the Net.
17:00 of 3rd period - Slapshot by Mark Bell.
17:00 of 3rd period - Stopped by Carey Price with a rebound.
17:02 of 3rd period - Wrist shot by Mark Bell.
17:02 of 3rd period - Shot Misses the Net.
17:18 of 3rd period - Wrist shot by Jordin Tootoo.
17:18 of 3rd period - Shot Blocked by Maxim Afinogenov.
17:20 of 3rd period - Snap shot by Jordin Tootoo.
17:20 of 3rd period - Deflect By Mark Bell.
17:20 of 3rd period - Shot Misses the Net.
17:20 of 3rd period - Puck is out of play.
17:21 of 3rd period - Maxim Lapierre wins face-off versus Marcel Goc in Canucks zone.
17:21 of 3rd period - Maxim Lapierre is hit by Robyn Regehr.
17:37 of 3rd period - Snap shot by Marcel Goc.
17:37 of 3rd period - Stopped by Carey Price with a rebound.
17:47 of 3rd period - Ben Lovejoy is hit by Derek Meech and loses puck.
18:18 of 3rd period - Snap shot by Martin St. Louis.
18:18 of 3rd period - Stopped by Pekka Rinne with a rebound.
18:34 of 3rd period - Flames, Pekka Rinne is pulled from the net.
19:03 of 3rd period - Eric Staal is hit by Sami Lepisto and loses puck.
19:14 of 3rd period - Wrist shot by Maxim Afinogenov.
19:14 of 3rd period - Goal by Maxim Afinogenov - Canucks : 3 - Flames : 1.
19:14 of 3rd period - Pekka Rinne from Flames was sent back in the game.
19:15 of 3rd period - Mike Ribeiro wins face-off versus Marcel Goc in neutral zone.
19:32 of 3rd period - Snap shot by Mike Ribeiro.
19:32 of 3rd period - Shot Blocked by Steve Regier.
Goals for this period are 3 for Canucks vs 1 for Flames.
Shots for this period are 12 for Canucks vs 12 for Flames.
Back to the Top